 Dungeon Crawl Stone Soup version 0.18.1-2-ga659475 (webtiles) character file.

8516 Chiseanne the Fighter (level 11, -2/99 HPs)
             Began as a Ghoul Earth Elementalist on May 8, 2016.
             Was an Elder of Nemelex Xobeh.
             Shot with a bolt by something (16 damage)
             ... on level 11 of the Dungeon.
             The game lasted 00:31:47 (9554 turns).

Chiseanne the Fighter (Ghoul Earth Elementalist)    Turns: 9554, Time: 00:31:47

Health: -2/99      AC: 19    Str: 15    XL:     11   Next: 32%
Magic:  16/16      EV:  5    Int: 10    God:    Nemelex Xobeh [****..]
Gold:   491        SH:  6    Dex: 12    Spells: 0 memorised, 13 levels left

rFire  + . .     SeeInvis .     a - +2 hand axe (venom)
rCold  + . .     Gourm    .     C - +1 plate armour {rF+}
rNeg   + + +     Faith    .     p - +1 buckler
rPois  ∞         Spirit   .     (no helmet)
rElec  .         Dismiss  .     K - +0 cloak
rCorr  .         Reflect  .     v - +0 pair of gloves
SustAt .         Harm     .     A - +0 pair of boots {Stlth+}
MR     +....                    (no amulet)
Stlth  ..........               x - ring of protection from magic
                                h - +2 ring of strength

@: rotting, somewhat resistant to hostile enchantments, extremely unstealthy
A: rotting body, claws 1, carnivore 3, cold resistance 1, negative energy
resistance 3, slow regeneration 1, torment resistance, unbreathing
a: Triple Draw, Deal Four, Renounce Religion


You were on level 11 of the Dungeon.
You worshipped Nemelex Xobeh.
Nemelex Xobeh was greatly pleased with you.
You were not hungry.

You visited 1 branch of the dungeon, and saw 11 of its levels.
You also visited: Sewer.

You collected 491 gold pieces.

Inventory:

Hand Weapons
 a - a +2 hand axe of venom (weapon)
 d - a +0 mace of protection
 j - a +0 blowgun
 s - a +3 whip of electrocution
 w - a +0 blowgun
 I - a +0 broad axe
Missiles
 b - 311 stones (quivered)
 e - 107 sling bullets
 g - 95 bolts
 o - 50 poisoned needles
 u - a throwing net {!*}
 z - 5 tomahawks
Armour
 p - a +1 buckler (worn)
 v - a +0 pair of gloves (worn)
 A - a +0 pair of boots of stealth (worn)
 C - a +1 plate armour of fire resistance (worn)
 K - a +0 cloak (worn)
 O - a troll hide
Magical Staves
 i - an uncursed staff of energy
 M - an uncursed staff of wizardry
Jewellery
 h - a +2 ring of strength (left hand)
 x - a ring of protection from magic (right hand)
Wands
 F - a wand of iceblast (0/15)
 H - a wand of heal wounds (6/9)
Scrolls
 l - 2 scrolls of recharging
 r - 3 scrolls of teleportation
 y - 3 scrolls of remove curse
 D - 2 scrolls of amnesia
 J - 2 scrolls of identify
Potions
 k - 7 potions of curing
 n - 3 potions of flight
 q - a potion of invisibility
Miscellaneous
 c - a lamp of fire (inert)
 t - a legendary deck of war {drawn: 2} {god gift}
 B - a plain deck of war {drawn: 9} {god gift}
 E - an ornate deck of escape {god gift}
 L - an ornate deck of escape {god gift}
 Q - an ornate deck of destruction {god gift}
Comestibles
 f - 6 meat rations
 m - a beef jerky
 G - a slice of pizza
 P - 8 chunks of flesh


   Skills:
 - Level 10.1 Fighting
 * Level 2.1 Axes
 * Level 8.5 Armour
 - Level 2.1 Dodging
 - Level 2.1 Stealth
 - Level 4.1 Shields
 - Level 1.7 Spellcasting
   Level 0.8 Transmutations
   Level 3.2 Earth Magic
 * Level 8.8 Evocations


You had 13 spell levels left.
You didn't know any spells.

Dungeon Overview and Level Annotations

Branches:
Dungeon (11/15)            Temple (0/1) D:6            Lair (0/8) D:9
    Orc: D:9-12

Altars:
Cheibriados
Elyvilon
Makhleb
Nemelex Xobeh
Ru
Sif Muna
Yredelemnul
Zin
The Shining One


Innate Abilities, Weirdness & Mutations

Your body is rotting away.
You thrive on raw meat.
You are immune to poison.
You have sharp fingernails.
You are carnivorous and can eat meat at any time.
Your flesh is cold resistant.
You are immune to negative energy.
You regenerate slowly when monsters are visible.
You are immune to unholy pain and torment.
You can survive without breathing.


Message History

r - Retreat! s - Stop attacking. w - Wait here. f - Follow me.
Anything else - Stay silent.
Gang up on whom?
Press: ? - help, Dir - move target cursor, f/p - orc knight
Aim: an orc knight, wielding an arbalest and wearing a plate armour (black smoke, almost dead) Attack!
Your wind drake exhales a fierce blast of wind!
Your magical contamination has completely faded away.
You feel a little less mighty now.
The orc knight shoots a bolt.
The bolt misses your wind drake. The bolt hits you!
* * * LOW HITPOINT WARNING * * *
Your wind drake bites the orc knight but does no damage.
You hear a thunk.
Your wind drake deflects the bolt!
A bolt appears from out of your range of vision.
The bolt hits you!
You die...
Your body glows slightly and disappears.

##########..#
#§o......#..#
+o####'#.#..#
#(#.o..#.#..#
#k#....#.#..#
#§#....#.#..##
#@#....#.#...#
#§#+####.'...#
#(.......#...#
.##########...#
..............#
..............#
..............#
..............#
..............#


You could see a friendly wind drake.

Vanquished Creatures
  An unseen horror (D:10)
  A centaur zombie (D:7)
  A gargoyle (D:9)
  A troll (D:10)
  A vampire (D:8)
  8 yaks
  A hippogriff (D:8)
  A hungry ghost (D:9)
  Duvessa (D:5)
  A water moccasin (D:6)
  2 orc warriors
  2 slaves (D:7)
  5 ice beasts
  2 sky beasts
  A black bear (D:6)
  3 ogres
  4 centaurs
  A crocodile (D:7)
  4 big kobolds
  3 giant frogs
  Dowan (D:5)
  2 scorpions
  6 killer bees (D:10)
  7 howler monkeys
  A jelly (D:10)
  2 giant frog zombies
  A crimson imp (D:9)
  3 orc priests
  8 hounds
  An iguana (D:10)
  6 orc wizards
  4 worker ants
  A worker ant zombie (D:5)
  4 gnolls
  9 adders
  2 river rats
  2 shadow imps
  4 oozes
  2 adder skeletons
  6 worms
  A dart slug (D:1)
  4 giant geckos
  45 orcs
  5 giant cockroaches
  8 goblins
  6 hobgoblins
  6 jackals (D:3)
  8 ball pythons
  4 bats
  A giant gecko skeleton (D:5)
  3 giant newts
  19 kobolds
  11 rats
  8 fungi (D:9)
  2 plants (D:9)
247 creatures vanquished.

Vanquished Creatures (collateral kills)
  A hill giant (D:11)
  Pikel (D:7)
  A manticore (D:11)
  2 trolls
  A two-headed ogre (D:11)
  2 yaks (D:9)
  A wraith (D:11)
  A hungry ghost (D:11)
  A phantom (D:10)
  A giant frog (D:8)
  A scorpion (D:11)
  4 wights (D:6)
  A crimson imp (D:8)
  A jelly (D:7)
  An orc wizard (D:11)
  An adder (D:8)
  4 orcs
25 creatures vanquished.

Vanquished Creatures (others)
  A slave (D:7)
1 creature vanquished.

Grand Total: 273 creatures vanquished

Notes
Turn   | Place    | Note
--------------------------------------------------------------
     0 | D:1      | Chiseanne the Ghoul Earth Elementalist began the quest for the Orb.
     0 | D:1      | Reached XP level 1. HP: 14/14 MP: 2/2
    36 | D:1      | Reached skill level 1 in Fighting
    92 | D:1      | Reached XP level 2. HP: 15/24 MP: 3/3
   388 | D:1      | Reached skill level 2 in Fighting
   942 | D:2      | Reached XP level 3. HP: 18/30 MP: 4/4
  1055 | D:2      | Found a sparkling altar of Nemelex Xobeh.
  1179 | D:2      | Became a worshipper of Nemelex Xobeh the Trickster
  1236 | D:2      | Received a gift from Nemelex Xobeh
  1577 | D:2      | You fall through a shaft!
  1654 | D:3      | Reached skill level 1 in Evocations
  1655 | D:3      | Reached XP level 4. HP: 23/36 MP: 5/5
  1774 | D:3      | Reached skill level 1 in Shields
  1799 | D:3      | Reached skill level 1 in Armour
  2112 | D:3      | Reached * piety under Nemelex Xobeh
  2194 | D:4      | Reached skill level 3 in Fighting
  2194 | D:4      | Reached XP level 5. HP: 11/45 MP: 6/6
  2442 | D:4      | Found a glowing drain.
  2508 | Sewer    | Entered a sewer
  2654 | Sewer    | Received a gift from Nemelex Xobeh
  2726 | Sewer    | Noticed a big kobold
  2726 | Sewer    | Noticed a big kobold
  2756 | Sewer    | Killed a big kobold
  2756 | Sewer    | Reached XP level 6. HP: 30/51 MP: 7/7
  2945 | Sewer    | Reached skill level 4 in Fighting
  3437 | D:4      | Received a gift from Nemelex Xobeh
  3472 | D:4      | Reached XP level 7. HP: 54/59 MP: 8/8
  3641 | D:3      | Reached ** piety under Nemelex Xobeh
  3836 | D:5      | Entered Level 5 of the Dungeon
  3932 | D:5      | Noticed Duvessa
  3959 | D:5      | Killed Duvessa
  3975 | D:5      | Noticed Dowan
  3990 | D:5      | Killed Dowan
  3995 | D:5      | Received a gift from Nemelex Xobeh
  4008 | D:5      | Reached skill level 5 in Fighting
  4085 | D:5      | Found a sacrificial altar of Ru.
  4094 | D:5      | Reached XP level 8. HP: 62/68 MP: 9/9
  4213 | D:5      | Received a gift from Nemelex Xobeh
  4993 | D:6      | Reached skill level 6 in Fighting
  5054 | D:6      | Found a staircase to the Ecumenical Temple.
  5530 | D:7      | Reached skill level 5 in Evocations
  5530 | D:7      | Reached XP level 9. HP: 66/76 MP: 11/11
  5621 | D:7      | Noticed Pikel
  5642 | D:7      | Killed Pikel
  5642 | D:7      | Reached skill level 7 in Fighting
  5642 | D:7      | Reached skill level 5 in Armour
  6542 | D:7      | Reached skill level 8 in Fighting
  6671 | D:8      | Reached *** piety under Nemelex Xobeh
  6792 | D:8      | Reached XP level 10. HP: 87/89 MP: 12/14
  7122 | D:8      | Reached skill level 9 in Fighting
  7577 | D:8      | Received a gift from Nemelex Xobeh
  7791 | D:9      | Found a staircase to the Lair.
  7841 | D:9      | Found a glowing silver altar of Zin.
  7869 | D:9      | Found a snail-covered altar of Cheibriados.
  7870 | D:9      | Found a sparkling altar of Nemelex Xobeh.
  7870 | D:9      | Found a basalt altar of Yredelemnul.
  8104 | D:9      | Received a gift from Nemelex Xobeh
  8227 | D:9      | Found a glowing golden altar of the Shining One.
  8515 | D:9      | Found a white marble altar of Elyvilon.
  8516 | D:9      | Found a deep blue altar of Sif Muna.
  8525 | D:9      | Found a burning altar of Makhleb.
  8554 | D:9      | Noticed a gargoyle
  8561 | D:9      | Killed a gargoyle
  8875 | D:10     | Entered Level 10 of the Dungeon
  8899 | D:10     | Identified a scroll of acquirement
  8936 | D:10     | Reached **** piety under Nemelex Xobeh
  8955 | D:10     | Killed an unseen horror
  8955 | D:10     | Reached skill level 10 in Fighting
  8955 | D:10     | Reached XP level 11. HP: 50/99 MP: 16/16
  9063 | D:10     | Reached skill level 1 in Axes
  9411 | D:11     | Received a gift from Nemelex Xobeh
  9414 | D:11     | Noticed a manticore
  9425 | D:11     | Killed a manticore
  9514 | D:11     | Noticed a hill giant
  9514 | D:11     | Noticed an orc knight
  9526 | D:11     | Killed a hill giant
  9554 | D:11     | Shot with a bolt by something

Skill      XL: |  1  2  3  4  5  6  7  8  9 10 11 |
---------------+----------------------------------+-----
Fighting       | 1 2 3 4 5 6 8 10 | 10.1
Dodging        | 2 |  2.1
Evocations     | 1 2 3 5 6 8 |  8.8
Shields        | 1 2 3 4 |  4.1
Armour         | 1 2 3 4 6 8 |  8.5
Axes           | 2 |  2.1
Stealth        | |  2.1
Spellcasting   | |  1.7
Transmutations | |  0.8
Earth Magic    | |  3.2

Action                   |  1- 3 |  4- 6 |  7- 9 | 10-12 || total
-------------------------+-------+-------+-------+-------++-------
Melee: Unarmed           |    14 |       |       |       ||    14
       Spear             |    29 |       |       |       ||    29
       Falchion          |    34 |       |       |       ||    34
       Club              |    11 |       |       |       ||    11
       Short sword       |     9 |       |       |       ||     9
       Dagger            |    36 |   341 |   283 |       ||   660
       Hand axe          |       |       |   124 |   215 ||   339
       Whip              |       |       |    17 |    30 ||    47
 Cast: Sandblast         |     5 |       |       |       ||     5
Evoke: Deck              |       |     1 |    13 |    20 ||    34
       Wand              |       |       |       |     3 ||     3
       Lamp of fire      |       |       |       |     1 ||     1
  Use: Scroll            |       |    11 |     2 |     7 ||    20
       Potion            |       |     1 |     2 |     3 ||     6
 Stab: Sleeping          |     1 |       |       |       ||     1
       Petrifying        |       |       |     1 |       ||     1
  Eat: Chunk             |    15 |    34 |    62 |    33 ||   144
Armor: Robe              |     8 |       |       |       ||     8
       Ring mail         |    48 |   105 |   163 |       ||   316
       Plate armour      |       |       |    33 |   242 ||   275
Dodge: Dodged            |    69 |   137 |   224 |    82 ||   512
Block: Buckler           |     2 |    58 |   127 |   104 ||   291
